Rampage vs Moose
Created - June 27, 2022 at 20:20
Goals
|
Rampage |
2 |
3 |
1 |
6 |
Moose |
2 |
0 |
0 |
2 |
|
Shots
|
Rampage |
12 |
8 |
8 |
28 |
Moose |
12 |
7 |
11 |
30 |
|
1st period
1. Rampage , T.J. Tynan 26 (Travis Sanheim 59, Ryan Lomberg 40) at 3:09
2. Moose , Nikolay Goldobin 24 (Tony DeAngelo 38) at 6:12
3. Rampage , Travis Sanheim 12 (Steve Regier 22, Rourke Chartier 44) at 12:29 (PP)
4. Moose , Roope Hintz 21 (Frank Vatrano 35, Dominik Kahun 19) at 17:59 (PP)
Penalties :
Brendan Lemieux (Man) for Cross-checking (Minor) at 12:03, Collin Miller (San) for Holding (Minor) at 17:23
2nd period
5. Rampage , Collin Miller 6 (Ryan Lomberg 41, Joni Ortio) at 12:37 (PP)
6. Rampage , Jordan Kyrou 28 (T.J. Tynan 32, Ryan Lomberg 42) at 16:50
7. Rampage , Dominik Simon 19 (Petr Straka 16, Jordan Kyrou 33) at 18:56
Penalties :
Michael McLeod (Man) for Holding (Minor) at 3:06, Troy Stetcher (Man) for Holding (Minor) at 11:40
3rd period
8. Rampage , Ryan Lomberg 27 (Jean-Sebastien Dea 25) at 18:27 (PP)
Penalties :
Rourke Chartier (San) for Hooking (Minor) at 6:58, Mathieu Joseph (Man) for Hooking (Minor) at 12:32, Michael McLeod (Man) for Hooking (Minor) at 18:23
Goalie Stats
Joni Ortio (San), 28 saves from 30 shots - (0.933), W, 16-11-1, 60:00 minutes
Elvis Merzlikins (Man), 15 saves from 19 shots - (0.789), L, 30-21-11, 36:50 minutes
Filip Gustavsson (Man), 7 saves from 9 shots - (0.778), 23:10 minutes
Players Stats for Rampage
Player Name G A P +/- PIM S H SB GA TA FO MP PP MP PK MP
------------------------------------------------------------------------------------
Adam Clendening 0 0 0 0 0 1 0 0 0 0 0/0 11:51 0:00 0:00
Anthony Richard 0 0 0 0 0 0 1 0 0 0 0/1 7:39 0:00 0:00
Charlie McAvoy 0 0 0 -1 0 1 0 2 0 1 0/0 20:14 0:00 1:03
Collin Miller 1 0 1 -1 2 1 3 1 0 1 0/0 19:10 2:02 1:03
Dominik Simon 1 0 1 1 0 1 2 0 0 0 0/0 13:17 0:15 0:13
Dylan Sikura 0 0 0 0 0 1 0 0 0 0 0/0 8:38 0:12 0:28
Ethan Bear 0 0 0 3 0 1 1 2 0 2 0/0 26:03 3:23 1:32
Jean-Sebastien Dea 0 1 1 1 0 0 1 1 1 0 5/9 14:52 2:40 0:00
Jordan Greenway 0 0 0 0 0 1 1 0 0 0 1/1 8:38 0:05 0:38
Jordan Kyrou 1 1 2 2 0 2 0 0 2 0 0/0 14:18 0:00 0:00
Kevan Miller 0 0 0 0 0 0 1 0 1 1 0/0 16:38 2:02 0:00
Nick Schmaltz 0 0 0 -1 0 3 2 1 0 0 0/0 19:50 2:33 0:00
Petr Straka 0 1 1 1 0 0 3 0 1 0 0/0 14:52 2:40 0:00
Rourke Chartier 0 1 1 -1 2 3 3 0 0 0 11/26 20:07 2:33 0:03
Ryan Lomberg 1 3 4 2 0 3 2 0 0 0 1/1 16:40 2:40 0:00
Steve Regier 0 1 1 -1 0 4 0 2 0 0 0/1 22:06 2:37 1:54
T.J. Tynan 1 1 2 2 0 1 2 0 0 1 9/20 16:27 0:00 1:54
Travis Sanheim 1 1 2 3 0 5 3 2 3 0 0/0 26:03 3:23 1:32
Trent Frederic 0 0 0 0 0 0 0 0 0 0 0/0 0:00 0:00 0:00
Players Stats for Moose
Player Name G A P +/- PIM S H SB GA TA FO MP PP MP PK MP
------------------------------------------------------------------------------------
Brendan Lemieux 0 0 0 -2 2 1 3 1 2 0 1/1 19:46 1:17 1:38
Chase De Leo 0 0 0 0 0 1 0 1 0 0 2/2 11:21 0:00 1:39
Dominik Kahun 0 1 1 0 0 5 1 0 0 1 7/14 16:17 1:18 0:18
Erik Cernak 0 0 0 -2 0 0 2 0 0 1 0/0 17:34 0:00 2:28
Frank Vatrano 0 1 1 0 0 2 1 0 0 0 0/0 16:27 1:18 0:28
Justin Bailey 0 0 0 0 0 3 1 0 0 0 0/1 15:04 0:00 0:31
Ludwig Bystrom 0 0 0 -1 0 1 1 1 0 2 0/0 14:40 0:39 2:57
Mathieu Joseph 0 0 0 0 2 1 0 0 0 0 0/0 11:41 0:00 1:56
Michael McLeod 0 0 0 0 4 0 2 0 0 0 3/10 13:01 0:00 2:01
Mirco Mueller 0 0 0 0 0 1 0 0 1 0 0/0 24:06 0:00 2:51
Miro Aaltonen 0 0 0 -2 0 1 3 0 0 0 17/27 18:33 1:17 0:28
Nathan Walker 0 0 0 0 0 1 1 1 0 0 0/2 12:40 0:00 1:51
Nikolay Goldobin 1 0 1 0 0 2 0 0 0 0 0/0 9:25 0:00 0:00
Roope Hintz 1 0 1 0 0 3 2 0 0 0 0/0 12:11 1:18 0:00
Sam Reinhart 0 0 0 -2 0 1 2 0 0 0 2/2 18:05 1:17 0:00
Tony DeAngelo 0 1 1 -1 0 1 2 0 2 0 0/0 21:30 1:56 0:06
Troy Stetcher 0 0 0 0 2 6 1 3 1 3 0/0 23:27 1:56 0:00
Vladislav Gavrikov 0 0 0 0 0 0 0 1 0 1 0/0 18:42 0:39 2:28
3 Stars
1 - Ryan Lomberg (San)
2 - Travis Sanheim (San)
3 - T.J. Tynan (San)
Power Play
Rampage - 3 on 5 Attempt(s) - 60.00%
Moose - 1 on 2 Attempt(s) - 50.00%
Penalty Kill
Rampage - 1 on 2 Attempt(s) - 50.00%
- Score 0 goal in Penalty Kill
Moose - 2 on 5 Attempt(s) - 40.00%
- Score 0 goal in Penalty Kill
Team Stat
Rampage - Hits : 25 - Faceoff Wins : 27 - Blocked Shots : 11 - Penalty Minutes : 4
Moose - Hits : 22 - Faceoff Wins : 32 - Blocked Shots : 8 - Penalty Minutes : 10
Official
Referees : Eric Furlatt and Conor O'Donnell
Linesman : Julien Fournier and Shandor Alphonso
Game Notes
2:20 of 2nd period - Rampage goal is going for a video replay. After video review, No Goal. The puck has been directed, batted or thrown into the net by an attacking player other than with a stick.
Filip Gustavsson enters game at 16:50 of 2nd period
Finance
Level 1 -- Attendance: 1978 (98.90%) -- Ticket Income $69,230
Level 2 -- Attendance: 901 (90.10%) -- Ticket Income $13,515
Total Attendance: 2879 (95.97%)
Total Ticket Income: $82,745
Other Income: $4,137
Total Income: $86,882
Rampage
5 vs 5 Forward
Center Left Wing Right Wing Time % Phy DF OF
1 Rourke Chartier Steve Regier Nick Schmaltz 40 1 2 2
2 T.J. Tynan Ryan Lomberg Jordan Kyrou 30 1 2 2
3 Jean-Sebastien Dea Dominik Simon Petr Straka 20 1 2 2
4 Anthony Richard Jordan Greenway Dylan Sikura 10 1 2 2
5 vs 5 Defense
Defense Defense Time % Phy DF OF
1 Ethan Bear Travis Sanheim 40 1 2 2
2 Charlie McAvoy Collin Miller 30 1 2 2
3 Kevan Miller Adam Clendening 20 1 2 2
4 Kevan Miller Charlie McAvoy 10 1 2 2
PowerPlay Forward
Center Left Wing Right Wing Time % Phy DF OF
1 Rourke Chartier Steve Regier Nick Schmaltz 60 1 2 2
2 Jean-Sebastien Dea Ryan Lomberg Petr Straka 40 1 2 2
PowerPlay Defense
Defense Defense Time % Phy DF OF
1 Ethan Bear Travis Sanheim 60 1 2 2
2 Kevan Miller Collin Miller 40 1 2 2
Penalty Kill 4 Players Forward
Center Wing Time % Phy DF OF
1 T.J. Tynan Steve Regier 60 1 2 2
2 Rourke Chartier Dylan Sikura 40 1 2 2
Penalty Kill 4 Players Defense
Defense Defense Time % Phy DF OF
1 Charlie McAvoy Collin Miller 60 1 2 2
2 Travis Sanheim Ethan Bear 40 1 2 2
Penalty Kill - 3 Players Forward
Forward Time % Phy DF OF
1 T.J. Tynan 60 1 2 2
2 Jean-Sebastien Dea 40 1 2 2
Penalty Kill - 3 Players Defense
Defense Defense Time % Phy DF OF
1 Charlie McAvoy Travis Sanheim 60 1 2 2
2 Collin Miller Ethan Bear 40 1 2 2
4 vs 4 Forward
Center Wing Time % Phy DF OF
1 Jean-Sebastien Dea Dylan Sikura 60 1 2 2
2 T.J. Tynan Ryan Lomberg 40 1 2 2
4 vs 4 Defense
Defense Defense Time % Phy DF OF
1 Charlie McAvoy Travis Sanheim 60 1 2 2
2 Collin Miller Kevan Miller 40 1 2 2
Last Minutes Offensive
Center Left Wing Right Wing Defense Defense
Rourke Chartier Ryan Lomberg Nick Schmaltz Ethan Bear Travis Sanheim
Last Minutes Defensive
Center Left Wing Right Wing Defense Defense
T.J. Tynan Steve Regier Dylan Sikura Charlie McAvoy Collin Miller
Goaltenders
Starting : Joni Ortio
Backup : Brandon Halverson
Extra Forwards
Normal : Dominik Simon, Jean-Sebastien Dea, Jordan Greenway - PP : Dominik Simon, Jean-Sebastien Dea - PK : Jordan Greenway
Extra Defensemen
Normal : Ethan Bear, Kevan Miller, Collin Miller - PP : Ethan Bear - PK : Kevan Miller, Collin Miller
Penalty Shots
Jordan Kyrou, Rourke Chartier, Dylan Sikura, Jean-Sebastien Dea, Nick Schmaltz
Scratches
Artturi Lehkonen (Healthy), Jeremy Bracco (Healthy), Roland McKeown (Left Wrist Injury), Eamon McAdam (Healthy), Emil Larmi (Healthy)
Moose
5 vs 5 Forward
Center Left Wing Right Wing Time % Phy DF OF
1 Miro Aaltonen Brendan Lemieux Sam Reinhart 40 1 2 2
2 Dominik Kahun Justin Bailey Frank Vatrano 30 1 2 2
3 Michael McLeod Roope Hintz Nathan Walker 20 1 2 2
4 Chase De Leo Nikolay Goldobin Mathieu Joseph 10 1 2 2
5 vs 5 Defense
Defense Defense Time % Phy DF OF
1 Troy Stetcher Mirco Mueller 40 1 2 2
2 Vladislav Gavrikov Tony DeAngelo 30 1 2 2
3 Ludwig Bystrom Erik Cernak 20 1 2 2
4 Tony DeAngelo Erik Cernak 10 1 2 2
PowerPlay Forward
Center Left Wing Right Wing Time % Phy DF OF
1 Miro Aaltonen Brendan Lemieux Sam Reinhart 60 1 2 2
2 Dominik Kahun Roope Hintz Frank Vatrano 40 1 2 2
PowerPlay Defense
Defense Defense Time % Phy DF OF
1 Troy Stetcher Tony DeAngelo 60 1 2 2
2 Vladislav Gavrikov Ludwig Bystrom 40 1 2 2
Penalty Kill 4 Players Forward
Center Wing Time % Phy DF OF
1 Michael McLeod Mathieu Joseph 60 1 2 2
2 Miro Aaltonen Frank Vatrano 40 1 2 2
Penalty Kill 4 Players Defense
Defense Defense Time % Phy DF OF
1 Mirco Mueller Ludwig Bystrom 60 1 2 2
2 Vladislav Gavrikov Erik Cernak 40 1 2 2
Penalty Kill - 3 Players Forward
Forward Time % Phy DF OF
1 Frank Vatrano 60 1 2 2
2 Miro Aaltonen 40 1 2 2
Penalty Kill - 3 Players Defense
Defense Defense Time % Phy DF OF
1 Mirco Mueller Ludwig Bystrom 60 1 2 2
2 Vladislav Gavrikov Erik Cernak 40 1 2 2
4 vs 4 Forward
Center Wing Time % Phy DF OF
1 Miro Aaltonen Sam Reinhart 60 1 2 2
2 Dominik Kahun Frank Vatrano 40 1 2 2
4 vs 4 Defense
Defense Defense Time % Phy DF OF
1 Troy Stetcher Ludwig Bystrom 60 1 2 2
2 Vladislav Gavrikov Tony DeAngelo 40 1 2 2
Last Minutes Offensive
Center Left Wing Right Wing Defense Defense
Miro Aaltonen Brendan Lemieux Sam Reinhart Troy Stetcher Tony DeAngelo
Last Minutes Defensive
Center Left Wing Right Wing Defense Defense
Miro Aaltonen Nathan Walker Mathieu Joseph Mirco Mueller Ludwig Bystrom
Goaltenders
Starting : Elvis Merzlikins
Backup : Filip Gustavsson
Extra Forwards
Normal : Justin Bailey, Sam Reinhart, Roope Hintz - PP : Nathan Walker, Justin Bailey - PK : Nathan Walker
Extra Defensemen
Normal : Mirco Mueller, Erik Cernak, Vladislav Gavrikov - PP : Vladislav Gavrikov - PK : Ludwig Bystrom, Vladislav Gavrikov
Penalty Shots
Nathan Walker, Miro Aaltonen, Nikolay Goldobin, Frank Vatrano, Roope Hintz
Scratches
David Kase (Healthy), Jesse Graham (Healthy), Matthew Benning (Healthy), Mitchell Stephens (Healthy), Julien Gauthier (Healthy)
Rem Pitlick (Healthy), Carl Grundstrom (Healthy), Josh Mahura (Healthy), Max Jones (Healthy), Nathan Bastian (Healthy)
Tim Gettinger (Healthy), Joey Daccord (Healthy)
% Time on Ice - Rampage
Lines # - Real PCT - Wanted PCT - Time Play
Normal Forward
1 - 34% - 40% - 17:51
2 - 28% - 30% - 14:18
3 - 23% - 20% - 12:12
4 - 15% - 10% - 7:39
Normal Defense
1 - 41% - 40% - 21:23
2 - 30% - 30% - 15:51
3 - 21% - 20% - 10:55
4 - 7% - 10% - 3:51
PP Forward
1 - 51% - 60% - 2:45
2 - 49% - 40% - 2:40
PP Defense
1 - 62% - 60% - 3:23
2 - 38% - 40% - 2:02
PK Forward
1 - 82% - 60% - 2:07
2 - 18% - 40% - 0:28
PK Defense
1 - 41% - 60% - 1:03
2 - 59% - 40% - 1:32
PK3 Forward
1 - 0% - 60%
2 - 0% - 40%
PK3 Defense
1 - 0% - 60%
2 - 0% - 40%
44 Forward
1 - 0% - 60%
2 - 0% - 40%
44 Defense
1 - 0% - 60%
2 - 0% - 40%
Last Minute Offensive - 0:00
Last Minute Defensive - 0:00
Total
Forward - 60:00
Defense - 60:00
|
% Time on Ice - Moose
Lines # - Real PCT - Wanted PCT - Time Play
Normal Forward
1 - 33% - 40% - 17:09
2 - 28% - 30% - 14:41
3 - 21% - 20% - 10:45
4 - 18% - 10% - 9:25
Normal Defense
1 - 42% - 40% - 21:37
2 - 30% - 30% - 15:35
3 - 21% - 20% - 10:44
4 - 8% - 10% - 4:04
PP Forward
1 - 50% - 60% - 1:17
2 - 50% - 40% - 1:18
PP Defense
1 - 75% - 60% - 1:56
2 - 25% - 40% - 0:39
PK Forward
1 - 91% - 60% - 4:57
2 - 9% - 40% - 0:28
PK Defense
1 - 54% - 60% - 2:57
2 - 46% - 40% - 2:28
PK3 Forward
1 - 0% - 60%
2 - 0% - 40%
PK3 Defense
1 - 0% - 60%
2 - 0% - 40%
44 Forward
1 - 0% - 60%
2 - 0% - 40%
44 Defense
1 - 0% - 60%
2 - 0% - 40%
Last Minute Offensive - 0:00
Last Minute Defensive - 0:00
Total
Forward - 60:00
Defense - 60:00
|
Play-by-Play
1st period
0:01 of 1st period - Miro Aaltonen wins face-off versus Rourke Chartier in neutral zone.
0:06 of 1st period - Snap shot by Miro Aaltonen.
0:06 of 1st period - Shot Blocked by Travis Sanheim.
0:12 of 1st period - Snap shot by Steve Regier.
0:12 of 1st period - Stopped by Elvis Merzlikins without a rebound.
0:13 of 1st period - Dominik Kahun wins face-off versus T.J. Tynan in Moose zone.
0:39 of 1st period - Vladislav Gavrikov is hit by Petr Straka and loses puck.
1:04 of 1st period - Slapshot by Mathieu Joseph.
1:04 of 1st period - Shot Blocked by Steve Regier.
1:22 of 1st period - Wrist shot by Chase De Leo.
1:22 of 1st period - Stopped by Joni Ortio with a rebound.
1:30 of 1st period - Snap shot by Jordan Greenway.
1:30 of 1st period - Stopped by Elvis Merzlikins without a rebound.
1:31 of 1st period - Ryan Lomberg wins face-off versus Miro Aaltonen in Moose zone.
2:20 of 1st period - Troy Stetcher is hit by Kevan Miller and loses puck.
3:07 of 1st period - Snap shot by T.J. Tynan.
3:07 of 1st period - Shot Misses the Net.
3:09 of 1st period - Wrist shot by T.J. Tynan.
3:09 of 1st period - Goal by T.J. Tynan - Rampage : 1 - Moose : 0.
3:10 of 1st period - Dominik Kahun wins face-off versus Rourke Chartier in neutral zone.
4:28 of 1st period - Slapshot by Frank Vatrano.
4:28 of 1st period - Shot Misses the Net.
4:40 of 1st period - Wrist shot by Nikolay Goldobin.
4:40 of 1st period - Deflect By Chase De Leo.
4:40 of 1st period - Shot Misses the Net.
4:40 of 1st period - Puck is out of play.
4:41 of 1st period - Chase De Leo wins face-off versus Rourke Chartier in Rampage zone.
4:48 of 1st period - Snap shot by Chase De Leo.
4:48 of 1st period - Shot Blocked by Charlie McAvoy.
5:24 of 1st period - Snap shot by Nick Schmaltz.
5:24 of 1st period - Stopped by Elvis Merzlikins with a rebound.
5:56 of 1st period - Mathieu Joseph is hit by Rourke Chartier and loses puck.
6:12 of 1st period - Slapshot by Nikolay Goldobin.
6:12 of 1st period - Goal by Nikolay Goldobin - Rampage : 1 - Moose : 1.
6:13 of 1st period - Miro Aaltonen wins face-off versus T.J. Tynan in neutral zone.
6:38 of 1st period - Frank Vatrano is hit by Petr Straka.
6:42 of 1st period - Wrist shot by Dominik Kahun.
6:42 of 1st period - Stopped by Joni Ortio without a rebound.
6:43 of 1st period - Jean-Sebastien Dea wins face-off versus Dominik Kahun in Rampage zone.
7:08 of 1st period - Snap shot by Nathan Walker.
7:08 of 1st period - Stopped by Joni Ortio without a rebound.
7:09 of 1st period - T.J. Tynan wins face-off versus Michael McLeod in Rampage zone.
8:23 of 1st period - Snap shot by Jordan Kyrou.
8:23 of 1st period - Shot Misses the Net.
8:25 of 1st period - Snap shot by Jordan Kyrou.
8:25 of 1st period - Stopped by Elvis Merzlikins with a rebound.
8:45 of 1st period - Snap shot by Roope Hintz.
8:45 of 1st period - Deflect By Travis Sanheim.
8:45 of 1st period - Stopped by Joni Ortio without a rebound.
8:46 of 1st period - Miro Aaltonen wins face-off versus Rourke Chartier in Rampage zone.
9:41 of 1st period - Kevan Miller is hit by Roope Hintz and loses puck.
10:02 of 1st period - Snap shot by Miro Aaltonen.
10:02 of 1st period - Shot Misses the Net.
10:26 of 1st period - Slapshot by Jordan Kyrou.
10:26 of 1st period - Shot Blocked by Troy Stetcher.
10:33 of 1st period - Icing by Justin Bailey.
10:34 of 1st period - Dominik Kahun wins face-off versus Rourke Chartier in Moose zone.
10:34 of 1st period - Dominik Kahun is hit by Rourke Chartier.
10:40 of 1st period - Wrist shot by Dominik Kahun.
10:40 of 1st period - Shot Misses the Net.
10:42 of 1st period - Slapshot by Mirco Mueller.
10:42 of 1st period - Shot Misses the Net.
10:44 of 1st period - Slapshot by Justin Bailey.
10:44 of 1st period - Stopped by Joni Ortio with a rebound.
10:46 of 1st period - Snap shot by Justin Bailey.
10:46 of 1st period - Shot Misses the Net.
10:48 of 1st period - Backhand shot by Troy Stetcher.
10:48 of 1st period - Shot Blocked by Ethan Bear.
10:54 of 1st period - Snap shot by Frank Vatrano.
10:54 of 1st period - Shot Misses the Net.
10:56 of 1st period - Slapshot by Mirco Mueller.
10:56 of 1st period - Stopped by Joni Ortio with a rebound.
10:58 of 1st period - Slapshot by Mirco Mueller.
10:58 of 1st period - Shot Misses the Net.
11:00 of 1st period - Slapshot by Mirco Mueller.
11:00 of 1st period - Shot Blocked by Steve Regier.
11:02 of 1st period - Slapshot by Troy Stetcher.
11:02 of 1st period - Stopped by Joni Ortio with a rebound.
11:04 of 1st period - Slapshot by Troy Stetcher.
11:04 of 1st period - Stopped by Joni Ortio with a rebound.
11:21 of 1st period - Wrist shot by Dominik Kahun.
11:21 of 1st period - Stopped by Joni Ortio with a rebound.
11:41 of 1st period - Snap shot by Justin Bailey.
11:41 of 1st period - Deflect By Steve Regier.
11:41 of 1st period - Stopped by Joni Ortio without a rebound.
11:42 of 1st period - Miro Aaltonen wins face-off versus T.J. Tynan in Rampage zone.
12:03 of 1st period - Minor Penalty to Brendan Lemieux for Cross-checking.
12:04 of 1st period - Jean-Sebastien Dea wins face-off versus Michael McLeod in Moose zone.
12:11 of 1st period - Snap shot by Ryan Lomberg.
12:11 of 1st period - Deflect By Vladislav Gavrikov.
12:11 of 1st period - Shot Misses the Net.
12:11 of 1st period - Puck is out of play.
12:12 of 1st period - Jean-Sebastien Dea wins face-off versus Michael McLeod in Moose zone.
12:23 of 1st period - Snap shot by Ryan Lomberg.
12:23 of 1st period - Stopped by Elvis Merzlikins with a rebound.
12:25 of 1st period - Slapshot by Travis Sanheim.
12:25 of 1st period - Deflect By Michael McLeod.
12:25 of 1st period - Stopped by Elvis Merzlikins without a rebound.
12:26 of 1st period - Rourke Chartier wins face-off versus Michael McLeod in Moose zone.
12:27 of 1st period - Slapshot by Steve Regier.
12:27 of 1st period - Stopped by Elvis Merzlikins with a rebound.
12:29 of 1st period - Slapshot by Travis Sanheim.
12:29 of 1st period - Goal by Travis Sanheim - Rampage : 2 - Moose : 1.
12:30 of 1st period - T.J. Tynan wins face-off versus Miro Aaltonen in neutral zone.
12:46 of 1st period - Snap shot by T.J. Tynan.
12:46 of 1st period - Shot Blocked by Brendan Lemieux.
13:05 of 1st period - Snap shot by Nick Schmaltz.
13:05 of 1st period - Shot Misses the Net.
13:41 of 1st period - Wrist shot by Ryan Lomberg.
13:41 of 1st period - Stopped by Elvis Merzlikins without a rebound.
13:42 of 1st period - Miro Aaltonen wins face-off versus T.J. Tynan in Moose zone.
14:07 of 1st period - T.J. Tynan is hit by Frank Vatrano and loses puck.
15:04 of 1st period - Snap shot by Nick Schmaltz.
15:04 of 1st period - Stopped by Elvis Merzlikins with a rebound.
15:06 of 1st period - Slapshot by Adam Clendening.
15:06 of 1st period - Stopped by Elvis Merzlikins with a rebound.
15:10 of 1st period - Wrist shot by Steve Regier.
15:10 of 1st period - Shot Misses the Net.
15:12 of 1st period - Snap shot by Steve Regier.
15:12 of 1st period - Deflect By Rourke Chartier.
15:12 of 1st period - Shot Blocked by Chase De Leo.
15:12 of 1st period - Puck is out of play.
15:13 of 1st period - Miro Aaltonen wins face-off versus Jean-Sebastien Dea in Moose zone.
15:22 of 1st period - Snap shot by Miro Aaltonen.
15:22 of 1st period - Shot Misses the Net.
15:42 of 1st period - Wrist shot by Miro Aaltonen.
15:42 of 1st period - Shot Hit the Post.
15:50 of 1st period - Wrist shot by Roope Hintz.
15:50 of 1st period - Deflect By Michael McLeod.
15:50 of 1st period - Shot Misses the Net.
15:50 of 1st period - Puck is out of play.
15:51 of 1st period - T.J. Tynan wins face-off versus Dominik Kahun in Rampage zone.
16:18 of 1st period - Erik Cernak is hit by Travis Sanheim.
16:40 of 1st period - Wrist shot by Dominik Simon.
16:40 of 1st period - Shot Misses the Net.
17:23 of 1st period - Minor Penalty to Collin Miller for Holding.
17:24 of 1st period - T.J. Tynan wins face-off versus Miro Aaltonen in Rampage zone.
17:24 of 1st period - T.J. Tynan is hit by Brendan Lemieux.
17:59 of 1st period - Snap shot by Frank Vatrano.
17:59 of 1st period - Deflect By Roope Hintz.
17:59 of 1st period - Goal by Roope Hintz - Rampage : 2 - Moose : 2.
18:00 of 1st period - Miro Aaltonen wins face-off versus Rourke Chartier in neutral zone.
18:13 of 1st period - Snap shot by Rourke Chartier.
18:13 of 1st period - Shot Blocked by Troy Stetcher.
18:25 of 1st period - Roope Hintz is hit by T.J. Tynan and loses puck.
19:07 of 1st period - Miro Aaltonen is hit by Anthony Richard and loses puck.
19:12 of 1st period - Wrist shot by Anthony Richard.
19:12 of 1st period - Shot Misses the Net.
Goals for this period are 2 for Rampage vs 2 for Moose.
Shots for this period are 12 for Rampage vs 12 for Moose.
2nd period
0:01 of 2nd period - Miro Aaltonen wins face-off versus Rourke Chartier in neutral zone.
0:30 of 2nd period - Off-side.
0:31 of 2nd period - Dominik Kahun wins face-off versus T.J. Tynan in neutral zone.
0:59 of 2nd period - Snap shot by Frank Vatrano.
0:59 of 2nd period - Shot Blocked by Collin Miller.
1:01 of 2nd period - Slapshot by Tony DeAngelo.
1:01 of 2nd period - Shot Blocked by Charlie McAvoy.
1:03 of 2nd period - Wrist shot by Justin Bailey.
1:03 of 2nd period - Shot Hit the Post.
1:13 of 2nd period - T.J. Tynan is hit by Erik Cernak and loses puck.
1:22 of 2nd period - Snap shot by Frank Vatrano.
1:22 of 2nd period - Stopped by Joni Ortio with a rebound.
1:24 of 2nd period - Snap shot by Frank Vatrano.
1:24 of 2nd period - Stopped by Joni Ortio without a rebound.
1:25 of 2nd period - Rourke Chartier wins face-off versus Miro Aaltonen in Rampage zone.
2:18 of 2nd period - Snap shot by Anthony Richard.
2:18 of 2nd period - Shot Blocked by Ludwig Bystrom.
2:20 of 2nd period - Slapshot by Dylan Sikura.
2:20 of 2nd period - Rampage goal is going for a video replay.
2:20 of 2nd period - The goal is refused. The puck has been directed, batted or thrown into the net by an attacking player other than with a stick..
2:21 of 2nd period - Miro Aaltonen wins face-off versus Anthony Richard in Moose zone.
3:06 of 2nd period - Minor Penalty to Michael McLeod for Holding.
3:07 of 2nd period - Rourke Chartier wins face-off versus Nathan Walker in Moose zone.
5:06 of 2nd period - Penalty to Michael McLeod is over, Michael McLeod is back on ice.
5:35 of 2nd period - Kevan Miller is hit by Tony DeAngelo and loses puck.
6:07 of 2nd period - Miro Aaltonen is hit by Dominik Simon.
6:19 of 2nd period - Nick Schmaltz is hit by Ludwig Bystrom and loses puck.
6:32 of 2nd period - Charlie McAvoy is hit by Nathan Walker and loses puck.
6:57 of 2nd period - Frank Vatrano is hit by Nick Schmaltz and loses puck.
7:23 of 2nd period - Travis Sanheim is hit by Miro Aaltonen and loses puck.
7:56 of 2nd period - Slapshot by Travis Sanheim.
7:56 of 2nd period - Stopped by Elvis Merzlikins with a rebound.
7:58 of 2nd period - Slapshot by Ethan Bear.
7:58 of 2nd period - Stopped by Elvis Merzlikins with a rebound.
8:08 of 2nd period - Steve Regier is hit by Sam Reinhart and loses puck.
8:48 of 2nd period - Collin Miller is hit by Roope Hintz and loses puck.
8:53 of 2nd period - Slapshot by Troy Stetcher.
8:53 of 2nd period - Stopped by Joni Ortio with a rebound.
8:55 of 2nd period - Snap shot by Michael McLeod.
8:55 of 2nd period - Shot Misses the Net.
9:11 of 2nd period - Steve Regier is hit by Miro Aaltonen and loses puck.
9:30 of 2nd period - Icing by Mirco Mueller.
9:31 of 2nd period - Chase De Leo wins face-off versus Jean-Sebastien Dea in Moose zone.
9:55 of 2nd period - Jean-Sebastien Dea is hit by Erik Cernak.
10:44 of 2nd period - Wrist shot by Travis Sanheim.
10:44 of 2nd period - Stopped by Elvis Merzlikins with a rebound.
10:46 of 2nd period - Wrist shot by Petr Straka.
10:46 of 2nd period - Deflect By Jean-Sebastien Dea.
10:46 of 2nd period - Shot Misses the Net.
10:46 of 2nd period - Puck is out of play.
10:47 of 2nd period - Miro Aaltonen wins face-off versus Rourke Chartier in Moose zone.
11:40 of 2nd period - Minor Penalty to Troy Stetcher for Holding.
11:41 of 2nd period - Michael McLeod wins face-off versus Rourke Chartier in Moose zone.
12:12 of 2nd period - Jean-Sebastien Dea is hit by Michael McLeod and loses puck.
12:21 of 2nd period - Mirco Mueller is hit by Collin Miller.
12:37 of 2nd period - Slapshot by Collin Miller.
12:37 of 2nd period - Goal by Collin Miller - Rampage : 3 - Moose : 2.
12:38 of 2nd period - Miro Aaltonen wins face-off versus Rourke Chartier in neutral zone.
12:46 of 2nd period - Off-side.
12:47 of 2nd period - Rourke Chartier wins face-off versus Miro Aaltonen in neutral zone.
12:50 of 2nd period - Slapshot by Nick Schmaltz.
12:50 of 2nd period - Deflect By Tony DeAngelo.
12:50 of 2nd period - Stopped by Elvis Merzlikins with a rebound.
13:10 of 2nd period - Snap shot by Tony DeAngelo.
13:10 of 2nd period - Shot Misses the Net.
13:18 of 2nd period - Snap shot by Miro Aaltonen.
13:18 of 2nd period - Shot Blocked by Nick Schmaltz.
13:57 of 2nd period - Brendan Lemieux is hit by Rourke Chartier.
14:01 of 2nd period - Slapshot by Miro Aaltonen.
14:01 of 2nd period - Stopped by Joni Ortio without a rebound.
14:02 of 2nd period - T.J. Tynan wins face-off versus Justin Bailey in Rampage zone.
14:18 of 2nd period - Snap shot by Ryan Lomberg.
14:18 of 2nd period - Shot Misses the Net.
14:30 of 2nd period - Michael McLeod is hit by Dominik Simon and loses puck.
14:37 of 2nd period - Slapshot by Mirco Mueller.
14:37 of 2nd period - Shot Blocked by Jean-Sebastien Dea.
14:57 of 2nd period - Slapshot by Dylan Sikura.
14:57 of 2nd period - Shot Misses the Net.
15:09 of 2nd period - Slapshot by Petr Straka.
15:09 of 2nd period - Shot Misses the Net.
15:23 of 2nd period - Snap shot by Ryan Lomberg.
15:23 of 2nd period - Shot Misses the Net.
15:42 of 2nd period - Off-side.
15:43 of 2nd period - Jean-Sebastien Dea wins face-off versus Michael McLeod in neutral zone.
16:11 of 2nd period - Off-side.
16:12 of 2nd period - T.J. Tynan wins face-off versus Miro Aaltonen in neutral zone.
16:39 of 2nd period - Adam Clendening is hit by Miro Aaltonen and loses puck.
16:50 of 2nd period - Slapshot by Jordan Kyrou.
16:50 of 2nd period - Goal by Jordan Kyrou - Rampage : 4 - Moose : 2.
16:50 of 2nd period - Filip Gustavsson enters game.
16:51 of 2nd period - Rourke Chartier wins face-off versus Dominik Kahun in neutral zone.
17:04 of 2nd period - Slapshot by Troy Stetcher.
17:04 of 2nd period - Stopped by Joni Ortio without a rebound.
17:05 of 2nd period - Rourke Chartier wins face-off versus Miro Aaltonen in Rampage zone.
17:05 of 2nd period - Rourke Chartier is hit by Troy Stetcher.
17:11 of 2nd period - Troy Stetcher is hit by Nick Schmaltz and loses puck.
17:24 of 2nd period - Miro Aaltonen is hit by Ethan Bear and loses puck.
17:50 of 2nd period - Snap shot by Brendan Lemieux.
17:50 of 2nd period - Shot Blocked by Ethan Bear.
18:02 of 2nd period - Slapshot by Brendan Lemieux.
18:02 of 2nd period - Stopped by Joni Ortio without a rebound.
18:03 of 2nd period - Rourke Chartier wins face-off versus Dominik Kahun in Rampage zone.
18:03 of 2nd period - Rourke Chartier is hit by Justin Bailey.
18:29 of 2nd period - Nathan Walker is hit by Collin Miller and loses puck.
18:56 of 2nd period - Wrist shot by Dominik Simon.
18:56 of 2nd period - Goal by Dominik Simon - Rampage : 5 - Moose : 2.
18:57 of 2nd period - Sam Reinhart wins face-off versus Rourke Chartier in neutral zone.
19:18 of 2nd period - Nick Schmaltz is hit by Brendan Lemieux and loses puck.
19:37 of 2nd period - Wrist shot by Dominik Kahun.
19:37 of 2nd period - Stopped by Joni Ortio without a rebound.
19:38 of 2nd period - T.J. Tynan wins face-off versus Michael McLeod in Rampage zone.
19:38 of 2nd period - T.J. Tynan is hit by Michael McLeod.
19:48 of 2nd period - Wrist shot by T.J. Tynan.
19:48 of 2nd period - Deflect By Jordan Kyrou.
19:48 of 2nd period - Shot Misses the Net.
19:48 of 2nd period - Puck is out of play.
19:49 of 2nd period - Miro Aaltonen wins face-off versus Rourke Chartier in Moose zone.
19:59 of 2nd period - Snap shot by Rourke Chartier.
19:59 of 2nd period - Shot Misses the Net.
Goals for this period are 3 for Rampage vs 0 for Moose.
Shots for this period are 8 for Rampage vs 7 for Moose.
3rd period
0:01 of 3rd period - Sam Reinhart wins face-off versus Rourke Chartier in neutral zone.
0:16 of 3rd period - Snap shot by Steve Regier.
0:16 of 3rd period - Stopped by Filip Gustavsson without a rebound.
0:17 of 3rd period - Dominik Kahun wins face-off versus T.J. Tynan in Moose zone.
0:17 of 3rd period - Dominik Kahun is hit by Collin Miller.
1:01 of 3rd period - Icing by Tony DeAngelo.
1:02 of 3rd period - Miro Aaltonen wins face-off versus Jean-Sebastien Dea in Moose zone.
1:02 of 3rd period - Miro Aaltonen is hit by Petr Straka.
1:09 of 3rd period - Tony DeAngelo is hit by Travis Sanheim.
1:31 of 3rd period - Wrist shot by Dominik Kahun.
1:31 of 3rd period - Stopped by Joni Ortio with a rebound.
1:55 of 3rd period - Wrist shot by Rourke Chartier.
1:55 of 3rd period - Stopped by Filip Gustavsson with a rebound.
1:59 of 3rd period - Snap shot by Steve Regier.
1:59 of 3rd period - Deflect By Rourke Chartier.
1:59 of 3rd period - Shot Misses the Net.
1:59 of 3rd period - Puck is out of play.
2:00 of 3rd period - Rourke Chartier wins face-off versus Dominik Kahun in Moose zone.
2:09 of 3rd period - Snap shot by Rourke Chartier.
2:09 of 3rd period - Shot Misses the Net.
2:11 of 3rd period - Snap shot by Steve Regier.
2:11 of 3rd period - Shot Misses the Net.
2:30 of 3rd period - Slapshot by Kevan Miller.
2:30 of 3rd period - Shot Misses the Net.
2:57 of 3rd period - Slapshot by Troy Stetcher.
2:57 of 3rd period - Stopped by Joni Ortio with a rebound.
3:24 of 3rd period - Wrist shot by Nikolay Goldobin.
3:24 of 3rd period - Stopped by Joni Ortio with a rebound.
3:26 of 3rd period - Slapshot by Troy Stetcher.
3:26 of 3rd period - Deflect By Mathieu Joseph.
3:26 of 3rd period - Stopped by Joni Ortio without a rebound.
3:27 of 3rd period - T.J. Tynan wins face-off versus Miro Aaltonen in Rampage zone.
3:46 of 3rd period - Sam Reinhart is hit by Ryan Lomberg and loses puck.
4:51 of 3rd period - Slapshot by Charlie McAvoy.
4:51 of 3rd period - Stopped by Filip Gustavsson with a rebound.
5:03 of 3rd period - Troy Stetcher is hit by Ryan Lomberg and loses puck.
6:49 of 3rd period - Wrist shot by Petr Straka.
6:49 of 3rd period - Deflect By Dominik Simon.
6:49 of 3rd period - Shot Misses the Net.
6:49 of 3rd period - Puck is out of play.
6:50 of 3rd period - Rourke Chartier wins face-off versus Dominik Kahun in Moose zone.
6:58 of 3rd period - Minor Penalty to Rourke Chartier for Hooking.
6:59 of 3rd period - Miro Aaltonen wins face-off versus T.J. Tynan in Rampage zone.
7:02 of 3rd period - Wrist shot by Sam Reinhart.
7:02 of 3rd period - Stopped by Joni Ortio without a rebound.
7:03 of 3rd period - Miro Aaltonen wins face-off versus T.J. Tynan in Rampage zone.
7:39 of 3rd period - Icing by Troy Stetcher.
7:40 of 3rd period - Dominik Kahun wins face-off versus T.J. Tynan in Moose zone.
7:59 of 3rd period - Collin Miller is hit by Dominik Kahun and loses puck.
8:26 of 3rd period - Slapshot by Tony DeAngelo.
8:26 of 3rd period - Stopped by Joni Ortio without a rebound.
8:27 of 3rd period - Brendan Lemieux wins face-off versus T.J. Tynan in Rampage zone.
8:46 of 3rd period - Snap shot by Ludwig Bystrom.
8:46 of 3rd period - Deflect By Dylan Sikura.
8:46 of 3rd period - Stopped by Joni Ortio without a rebound.
8:47 of 3rd period - Jordan Greenway wins face-off versus Dominik Kahun in Rampage zone.
8:58 of 3rd period - Penalty to Rourke Chartier is over, Rourke Chartier is back on ice.
9:12 of 3rd period - Snap shot by Rourke Chartier.
9:12 of 3rd period - Stopped by Filip Gustavsson without a rebound.
9:13 of 3rd period - Miro Aaltonen wins face-off versus Jean-Sebastien Dea in Moose zone.
9:41 of 3rd period - Snap shot by Dominik Kahun.
9:41 of 3rd period - Stopped by Joni Ortio with a rebound.
10:03 of 3rd period - Icing by Steve Regier.
10:04 of 3rd period - Michael McLeod wins face-off versus Steve Regier in Rampage zone.
10:11 of 3rd period - Slapshot by Troy Stetcher.
10:11 of 3rd period - Stopped by Joni Ortio with a rebound.
10:13 of 3rd period - Backhand shot by Roope Hintz.
10:13 of 3rd period - Stopped by Joni Ortio without a rebound.
10:14 of 3rd period - T.J. Tynan wins face-off versus Miro Aaltonen in Rampage zone.
10:14 of 3rd period - T.J. Tynan is hit by Brendan Lemieux.
10:19 of 3rd period - Travis Sanheim is hit by Sam Reinhart and loses puck.
12:32 of 3rd period - Minor Penalty to Mathieu Joseph for Hooking.
12:33 of 3rd period - Rourke Chartier wins face-off versus Michael McLeod in Moose zone.
12:33 of 3rd period - Slapshot by Travis Sanheim.
12:33 of 3rd period - Shot Blocked by Nathan Walker.
12:35 of 3rd period - Snap shot by Ethan Bear.
12:35 of 3rd period - Deflect By Steve Regier.
12:35 of 3rd period - Stopped by Filip Gustavsson without a rebound.
12:36 of 3rd period - Michael McLeod wins face-off versus Rourke Chartier in Moose zone.
13:09 of 3rd period - Slapshot by Travis Sanheim.
13:09 of 3rd period - Shot Blocked by Vladislav Gavrikov.
14:32 of 3rd period - Penalty to Mathieu Joseph is over, Mathieu Joseph is back on ice.
14:41 of 3rd period - Justin Bailey is hit by Jordan Greenway and loses puck.
15:23 of 3rd period - Dylan Sikura is hit by Tony DeAngelo and loses puck.
16:13 of 3rd period - Michael McLeod is hit by Jean-Sebastien Dea and loses puck.
16:41 of 3rd period - Erik Cernak is hit by Travis Sanheim and loses puck.
18:23 of 3rd period - Minor Penalty to Michael McLeod for Hooking.
18:24 of 3rd period - Jean-Sebastien Dea wins face-off versus Nathan Walker in Moose zone.
18:27 of 3rd period - Snap shot by Ryan Lomberg.
18:27 of 3rd period - Goal by Ryan Lomberg - Rampage : 6 - Moose : 2.
18:28 of 3rd period - Miro Aaltonen wins face-off versus Rourke Chartier in neutral zone.
18:39 of 3rd period - Snap shot by Travis Sanheim.
18:39 of 3rd period - Shot Blocked by Troy Stetcher.
18:41 of 3rd period - Slapshot by Travis Sanheim.
18:41 of 3rd period - Stopped by Filip Gustavsson with a rebound.
18:43 of 3rd period - Wrist shot by Rourke Chartier.
18:43 of 3rd period - Stopped by Filip Gustavsson without a rebound.
18:44 of 3rd period - Dominik Kahun wins face-off versus T.J. Tynan in Moose zone.
18:44 of 3rd period - Dominik Kahun is hit by T.J. Tynan.
18:58 of 3rd period - Snap shot by Dominik Kahun.
18:58 of 3rd period - Shot Blocked by Travis Sanheim.
19:00 of 3rd period - Wrist shot by Justin Bailey.
19:00 of 3rd period - Stopped by Joni Ortio without a rebound.
19:01 of 3rd period - Rourke Chartier wins face-off versus Miro Aaltonen in Rampage zone.
Goals for this period are 1 for Rampage vs 0 for Moose.
Shots for this period are 8 for Rampage vs 11 for Moose.